| TOP OF THE 1ST |
|
Fort Myers Palms batting - Pitching for Tampa Pirates : RHP Andre Patillo
|
|
Pitching: RHP Andre Patillo
|
|
|
Batting: RHB Stanley Baker
|
0-0: SINGLE (Groundball, P, EV 82.5 MPH) (infield hit)
|
|
Batting: RHB Johnny Evans
|
0-0: Called Strike 0-1: Ball 1-1: Called Strike 1-2: Fly out, F8 (Flyball, 8RM, EV 71.9 MPH)
|
|
Batting: LHB Gus Burgess
|
0-0: Called Strike 0-1: Ball 1-1: Called Strike Stanley Baker steals 2nd base 1-2: Strikes out swinging
|
|
Batting: LHB James Atkinson
|
0-0: Ball 1-0: SINGLE (Groundball, 25, EV 67.5 MPH) (infield hit) Stanley Baker to third
|
|
Batting: RHB Lindon Duncan
|
0-0: Ball 1-0: Called Strike 1-1: Ball 2-1: SINGLE (Line Drive, 7LS, EV 100.0 MPH) Stanley Baker scores James Atkinson to second
|
|
Batting: RHB Carl Nichols
|
0-0: Ball 1-0: Called Strike 1-1: Foul Ball, location: 2F 1-2: Strikes out swinging
|
| Top of the 1st over - 1 run, 3 hits, 0 errors, 2 left on base; Fort Myers 1 - Tampa 0 |
| BOTTOM OF THE 1ST |
|
Tampa Pirates batting - Pitching for Fort Myers Palms : RHP Mark Jacob
|
|
Pitching: RHP Mark Jacob
|
|
|
Batting: SHB Craig Smajstrla
|
0-0: Ball 1-0: Fly out, F4 (Flyball, 4D, EV 84.4 MPH)
|
|
Batting: LHB David Frederick
|
0-0: Ball 1-0: Foul Ball, location: 2F 1-1: Fly out, F8 (Flyball, 8LM, EV 88.1 MPH)
|
|
Batting: LHB Pedro Nunez
|
0-0: Ball 1-0: SINGLE (Line Drive, 6MD, EV 98.1 MPH)
|
|
Batting: RHB Gregory Norman
|
0-0: Ball 1-0: Called Strike 1-1: Foul Ball, location: 2F 1-2: Ground out U3 (Groundball, 3L, EV 85.0 MPH)
|
| Bottom of the 1st over - 0 runs, 1 hit, 0 errors, 1 left on base; Fort Myers 1 - Tampa 0 |
| TOP OF THE 2ND |
|
Fort Myers Palms batting - Pitching for Tampa Pirates : RHP Andre Patillo
|
|
Batting: RHB David Sullivan
|
0-0: Called Strike 0-1: Ball 1-1: Fly out, F8 (Flyball, 89D, EV 93.8 MPH)
|
|
Batting: RHB Jay Greb
|
0-0: Ball 1-0: Swinging Strike 1-1: Ball 2-1: Swinging Strike 2-2: Ball 3-2: Base on Balls
|
|
Batting: SHB Porter Wyatt
|
0-0: Ball Jay Greb steals 2nd base 1-0: Swinging Strike 1-1: Ball 2-1: Fly out, F8 (Flyball, 78D, EV 102.5 MPH)
|
|
Batting: RHB Stanley Baker
|
0-0: Ground out 6-3 (Groundball, 6M, EV 104.4 MPH)
|
| Top of the 2nd over - 0 runs, 0 hits, 0 errors, 1 left on base; Fort Myers 1 - Tampa 0 |
| BOTTOM OF THE 2ND |
|
Tampa Pirates batting - Pitching for Fort Myers Palms : RHP Mark Jacob
|
|
Batting: LHB Alfredo Rodriguez
|
0-0: Called Strike 0-1: Foul Ball, location: 2F 0-2: Ball 1-2: Ball 2-2: Ball 3-2: Base on Balls
|
|
Batting: RHB Jason Porter
|
0-0: Ball 1-0: Called Strike 1-1: Ball 2-1: Foul Ball, location: 2F 2-2: Fly out, F8 (Flyball, 8RD, EV 79.4 MPH)
|
|
Batting: RHB Erwin Bryant
|
0-0: Ball 1-0: Ball 2-0: Fielders Choice at 2nd, 5-4 (Groundball, 56, EV 86.3 MPH)
|
|
Batting: RHB Steven Young
|
0-0: Called Strike 0-1: Ball 1-1: SINGLE (Groundball, 34D, EV 103.1 MPH) Erwin Bryant to second Runner from 2nd tries for 3rd, SAFE, throw by RF made to third
|
|
Batting: RHB Roy Dixon
|
0-0: Foul Ball, location: 2F 0-1: Ball 1-1: Ground out 6-3 (Groundball, 6S, EV 85.0 MPH)
|
| Bottom of the 2nd over - 0 runs, 1 hit, 0 errors, 2 left on base; Fort Myers 1 - Tampa 0 |
| TOP OF THE 3RD |
|
Fort Myers Palms batting - Pitching for Tampa Pirates : RHP Andre Patillo
|
|
Batting: RHB Johnny Evans
|
0-0: Fly out, F7 (Flyball, 7LS, EV 91.9 MPH)
|
|
Batting: LHB Gus Burgess
|
0-0: Ball 1-0: Called Strike 1-1: Ball 2-1: Ball 3-1: Swinging Strike 3-2: Base on Balls
|
|
Batting: LHB James Atkinson
|
0-0: Ball Gus Burgess steals 2nd base 1-0: Ball 2-0: Called Strike 2-1: Foul Ball, location: 2F 2-2: Strikes out looking
|
|
Batting: RHB Lindon Duncan
|
0-0: Ball 1-0: Fly out, F7 (Flyball, 78D, EV 106.9 MPH)
|
| Top of the 3rd over - 0 runs, 0 hits, 0 errors, 1 left on base; Fort Myers 1 - Tampa 0 |
| BOTTOM OF THE 3RD |
|
Tampa Pirates batting - Pitching for Fort Myers Palms : RHP Mark Jacob
|
|
Batting: SHB Craig Smajstrla
|
0-0: Called Strike 0-1: Foul Ball, location: 2F 0-2: Ball 1-2: Foul Ball, location: 2F 1-2: Ball 2-2: Ground out 4-3 (Groundball, 4, EV 76.3 MPH)
|
|
Batting: LHB David Frederick
|
0-0: Ball 1-0: Ball 2-0: Ball 3-0: Called Strike 3-1: Base on Balls
|
|
Batting: LHB Pedro Nunez
|
0-0: SINGLE (Groundball, 25, EV 68.8 MPH) (infield hit) David Frederick to second
|
|
Batting: RHB Gregory Norman
|
0-0: Called Strike 0-1: Ball 1-1: Fielders Choice at 2nd, 4-6 (Groundball, 4, EV 91.3 MPH) David Frederick to third
|
|
Batting: LHB Alfredo Rodriguez
|
0-0: SINGLE (Flyball, 78S, EV 85.0 MPH) David Frederick scores Gregory Norman to second
|
|
Batting: RHB Jason Porter
|
0-0: DOUBLE (Flyball, 78D, EV 96.9 MPH) Gregory Norman scores Alfredo Rodriguez to third Runner from 3rd tries for Home, SAFE, throw by CF to trailing runner, SAFE at third!
|
|
Batting: RHB Erwin Bryant
|
0-0: Ball 1-0: Ball 2-0: Swinging Strike 2-1: Swinging Strike 2-2: Fly out, F3 (Popup, 3SF, EV 83.8 MPH)
|
| Bottom of the 3rd over - 3 runs, 3 hits, 0 errors, 1 left on base; Fort Myers 1 - Tampa 3 |
| TOP OF THE 4TH |
|
Fort Myers Palms batting - Pitching for Tampa Pirates : RHP Andre Patillo
|
|
Batting: RHB Carl Nichols
|
0-0: Called Strike 0-1: DOUBLE (Line Drive, 5D, EV 105.0 MPH)
|
|
Batting: RHB David Sullivan
|
0-0: Called Strike 0-1: Ball 1-1: Ball 2-1: Foul Ball, location: 2F 2-2: Ball 3-2: Base on Balls
|
|
Batting: RHB Jay Greb
|
0-0: Called Strike 0-1: Ball 1-1: Ball 2-1: Fly out, F7 (Line Drive, 7, EV 93.8 MPH)
|
|
Batting: SHB Porter Wyatt
|
0-0: Ball 1-0: Called Strike 1-1: Ball 2-1: Called Strike 2-2: Strikes out swinging
|
|
Batting: RHB Stanley Baker
|
0-0: Ball 1-0: Swinging Strike 1-1: Called Strike 1-2: Strikes out looking
|
| Top of the 4th over - 0 runs, 1 hit, 0 errors, 2 left on base; Fort Myers 1 - Tampa 3 |
| BOTTOM OF THE 4TH |
|
Tampa Pirates batting - Pitching for Fort Myers Palms : RHP Mark Jacob
|
|
Batting: RHB Steven Young
|
0-0: Fly out, F7 (Flyball, 78M, EV 87.5 MPH)
|
|
Batting: RHB Roy Dixon
|
0-0: Ball 1-0: Fly out, F8 (Line Drive, 8RM, EV 105.0 MPH)
|
|
Batting: SHB Craig Smajstrla
|
0-0: Foul Ball, location: 2F 0-1: Foul Ball, location: 2F 0-2: Fly out, F9 (Flyball, 9D, EV 96.3 MPH)
|
| Bottom of the 4th over - 0 runs, 0 hits, 0 errors, 0 left on base; Fort Myers 1 - Tampa 3 |
| TOP OF THE 5TH |
|
Fort Myers Palms batting - Pitching for Tampa Pirates : RHP Andre Patillo
|
|
Batting: RHB Johnny Evans
|
0-0: Called Strike 0-1: Called Strike 0-2: SINGLE (Line Drive, 8RS, EV 86.3 MPH)
|
|
Batting: LHB Gus Burgess
|
0-0: Ball 1-0: Ball 2-0: Called Strike 2-1: Ball 3-1: Called Strike 3-2: Fly out, F7 (Flyball, 78S, EV 95.0 MPH)
|
|
Batting: LHB James Atkinson
|
0-0: Ball 1-0: Called Strike 1-1: Foul Ball, location: 2F 1-2: Foul Ball, location: 2F 1-2: Ball 2-2: Fly out, F9 (Line Drive, 9, EV 95.6 MPH)
|
|
Batting: RHB Lindon Duncan
|
0-0: Ball 1-0: Called Strike 1-1: Fielders Choice at 2nd, 6-4 (Groundball, 6, EV 89.4 MPH)
|
| Top of the 5th over - 0 runs, 1 hit, 0 errors, 1 left on base; Fort Myers 1 - Tampa 3 |
| BOTTOM OF THE 5TH |
|
Tampa Pirates batting - Pitching for Fort Myers Palms : RHP Mark Jacob
|
|
Batting: LHB David Frederick
|
0-0: SOLO HOME RUN (Line Drive, 9D, EV 99.4 MPH), Distance : 364 ft
|
|
Batting: LHB Pedro Nunez
|
0-0: Ball 1-0: Fly out, F4 (Flyball, 34D, EV 93.1 MPH)
|
|
Batting: RHB Gregory Norman
|
0-0: Called Strike 0-1: Fly out, F8 (Line Drive, 8LD, EV 93.8 MPH)
|
|
Batting: LHB Alfredo Rodriguez
|
0-0: Ball 1-0: Ball 2-0: Ball 3-0: Called Strike 3-1: Called Strike 3-2: Base on Balls
|
|
Batting: RHB Jason Porter
|
Pickoff Throw to First - Out! 1-3
|
| Bottom of the 5th over - 1 run, 1 hit, 0 errors, 0 left on base; Fort Myers 1 - Tampa 4 |
| TOP OF THE 6TH |
|
Fort Myers Palms batting - Pitching for Tampa Pirates : RHP Andre Patillo
|
|
Batting: RHB Carl Nichols
|
0-0: Swinging Strike 0-1: Fly out, F4 (Popup, 13, EV 88.8 MPH)
|
|
Batting: RHB David Sullivan
|
0-0: Ball 1-0: Ball 2-0: Ball 3-0: Foul Ball, location: 2F 3-1: Base on Balls
|
|
Batting: RHB Jay Greb
|
0-0: Ball 1-0: Called Strike 1-1: Called Strike 1-2: Foul Ball, location: 2F 1-2: Ground out 4-3 (Groundball, 4MD, EV 110.6 MPH) David Sullivan to second
|
|
Batting: SHB Porter Wyatt
|
0-0: Ball 1-0: Fly out, F8 (Flyball, 8LD, EV 105.6 MPH)
|
| Top of the 6th over - 0 runs, 0 hits, 0 errors, 1 left on base; Fort Myers 1 - Tampa 4 |
| BOTTOM OF THE 6TH |
|
Tampa Pirates batting - Pitching for Fort Myers Palms : RHP Mark Jacob
|
|
Batting: RHB Jason Porter
|
0-0: Called Strike 0-1: Ball 1-1: Foul Ball, location: 2F 1-2: Fly out, F8 (Flyball, 78D, EV 109.4 MPH)
|
|
Batting: RHB Erwin Bryant
|
0-0: Fly out, F9 (Flyball, 9, EV 78.8 MPH)
|
|
Batting: RHB Steven Young
|
0-0: Foul Ball, location: 2F 0-1: Ball 1-1: Ball 2-1: Ground out 6-3 (Groundball, 56, EV 83.8 MPH)
|
| Bottom of the 6th over - 0 runs, 0 hits, 0 errors, 0 left on base; Fort Myers 1 - Tampa 4 |
| TOP OF THE 7TH |
|
Fort Myers Palms batting - Pitching for Tampa Pirates : RHP Andre Patillo
|
|
Batting: RHB Stanley Baker
|
0-0: Ball 1-0: Ball 2-0: Ball 3-0: Base on Balls
|
|
Batting: RHB Johnny Evans
|
0-0: Ball Stanley Baker steals 2nd base 1-0: Fly out, F7 (Flyball, 7, EV 79.4 MPH)
|
|
Batting: LHB Gus Burgess
|
0-0: Foul Ball, location: 2F 0-1: Foul Ball, location: 2F 0-2: Ball 1-2: Fly out, F8 (Flyball, 8LM, EV 90.0 MPH)
|
|
Batting: LHB James Atkinson
|
0-0: Swinging Strike 0-1: Called Strike 0-2: Foul Ball, location: 2F 0-2: Fly out, F6 (Line Drive, 6, EV 72.5 MPH)
|
| Top of the 7th over - 0 runs, 0 hits, 0 errors, 1 left on base; Fort Myers 1 - Tampa 4 |
| BOTTOM OF THE 7TH |
|
Tampa Pirates batting - Pitching for Fort Myers Palms : RHP Mark Jacob
|
|
Batting: RHB Roy Dixon
|
0-0: Called Strike 0-1: SINGLE (Groundball, 6M, EV 100.6 MPH) (infield hit)
|
|
Batting: SHB Craig Smajstrla
|
0-0: Ball 1-0: Ball 2-0: Bunt missed! 2-1: Bunted foul 2-2: Foul Ball, location: 2F 2-2: Ball 3-2: SINGLE (Line Drive, 34D, EV 105.6 MPH) Roy Dixon to second Runner from 2nd tries for 3rd, SAFE, no throw by RF
|
|
Batting: LHB David Frederick
|
0-0: Ball 1-0: Called Strike 1-1: Called Strike 1-2: Fielders Choice at 2nd, 6-4 (Groundball, 56, EV 89.4 MPH) Roy Dixon scores
|
|
Pitching: RHP David Michael
|
|
|
Batting: LHB Pedro Nunez
|
0-0: Ball 1-0: Ball 2-0: Ball 3-0: Called Strike 3-1: Foul Ball, location: 2F 3-2: Strikes out swinging David Frederick steals 2nd base Batter strikes out.
|
|
Batting: RHB Gregory Norman
|
0-0: 2-RUN HOME RUN (Flyball, 7LD, EV 98.1 MPH), Distance : 363 ft
|
|
Batting: LHB Alfredo Rodriguez
|
0-0: Ball 1-0: Foul Ball, location: 2F 1-1: Ground out 4-3 (Groundball, 4M, EV 109.4 MPH)
|
| Bottom of the 7th over - 3 runs, 3 hits, 0 errors, 0 left on base; Fort Myers 1 - Tampa 7 |
| TOP OF THE 8TH |
|
Fort Myers Palms batting - Pitching for Tampa Pirates : RHP Andre Patillo
|
|
Batting: RHB Lindon Duncan
|
0-0: Ball 1-0: Called Strike 1-1: Ball 2-1: Fly out, F9 (Flyball, 9LM, EV 99.4 MPH)
|
|
Batting: RHB Carl Nichols
|
0-0: Swinging Strike 0-1: Fly out, F5 (Flyball, 5D, EV 95.0 MPH)
|
|
Batting: RHB David Sullivan
|
0-0: Ball 1-0: Ball 2-0: Foul Ball, location: 2F 2-1: Called Strike 2-2: Ball 3-2: Ground out 3-1 (Groundball, 34, EV 105.0 MPH)
|
| Top of the 8th over - 0 runs, 0 hits, 0 errors, 0 left on base; Fort Myers 1 - Tampa 7 |
| BOTTOM OF THE 8TH |
|
Tampa Pirates batting - Pitching for Fort Myers Palms : RHP David Michael
|
|
Batting: RHB Jason Porter
|
0-0: Ball 1-0: Ball 2-0: Ball 3-0: Base on Balls
|
|
Batting: RHB Erwin Bryant
|
0-0: Foul Ball, location: 2F 0-1: Fielders Choice at 2nd, 6-4 (Groundball, 6, EV 83.8 MPH)
|
|
Batting: RHB Steven Young
|
0-0: Ball 1-0: Called Strike 1-1: Foul Ball, location: 2F 1-2: SINGLE (Groundball, 34D, EV 102.5 MPH) Erwin Bryant to second Runner from 2nd tries for 3rd, SAFE, no throw by RF
|
|
Batting: RHB Roy Dixon
|
0-0: Fly out, F6 (Line Drive, 6, EV 70.6 MPH)
|
|
Batting: SHB Craig Smajstrla
|
0-0: Fly out, F5 (Line Drive, 5, EV 68.1 MPH)
|
| Bottom of the 8th over - 0 runs, 1 hit, 0 errors, 2 left on base; Fort Myers 1 - Tampa 7 |
| TOP OF THE 9TH |
|
Fort Myers Palms batting - Pitching for Tampa Pirates : RHP Andre Patillo
|
|
Batting: RHB Jay Greb
|
0-0: Called Strike 0-1: Foul Ball, location: 2F 0-2: Strikes out looking
|
|
Batting: SHB Porter Wyatt
|
0-0: Ball 1-0: Called Strike 1-1: Called Strike 1-2: Ball 2-2: Ball 3-2: Strikes out swinging
|
|
Batting: RHB Stanley Baker
|
0-0: Ball 1-0: Ball 2-0: Called Strike 2-1: Foul Ball, location: 2F 2-2: Foul Ball, location: 2F 2-2: Ball 3-2: Fly out, F3 (Popup, 3SF, EV 75.0 MPH)
|
| Top of the 9th over - 0 runs, 0 hits, 0 errors, 0 left on base; Fort Myers 1 - Tampa 7 |
|